 Dungeon Crawl Stone Soup version 0.32-a0-918-g0f22ef8d61 (webtiles) character file.

Game seed: 9624772616163231559

700 Heh the Carver (level 7, 0/52 HPs)
             Began as a Coglin Gladiator on Apr 10, 2024.
             Slain by an ogre
             ... wielding a +0 giant club
              (15 damage)
             ... on level 5 of the Dungeon.
             The game lasted 00:05:17 (3840 turns).

Heh the Carver (Coglin Gladiator)                   Turns: 3840, Time: 00:05:17

Health: 0/52       AC:  7    Str: 14    XL:     7   Next: 65%
Magic:  7/7        EV: 10    Int:  8    God:
Gold:   254        SH:  0    Dex: 17    Spells: 6/6 levels left

rFire   . . .        a - +0 long sword {Santiago}
rCold   . . .        C - +0 long sword {Yamquzzuhalamma}
rNeg    . . .        x - +0 ring mail
rPois   .            c - +0 helmet
rElec   .            (no cloak)
rCorr   .            (no gloves)
SInv    .            z - +0 pair of boots
Will    .....        (amulet unavailable)
Stlth   +            (ring unavailable)
HPRegen 0.28/turn    (ring unavailable)
MPRegen 0.10/turn    (no gizmo)

%: no passive effects
@: mighty, revving
A: off-hand wielding, slow wielding, warmup strikes, no jewellery
a: Invent Gizmo


You were on level 5 of the Dungeon.
You visited 1 branch of the dungeon, and saw 5 of its levels.

You collected 254 gold pieces.

Inventory:

Hand Weapons
 a - a +0 long sword (weapon) {Santiago}
 j - a +0 dagger of venom {Nimrit}
 y - a +4 trident of venom {Santos}
 C - a +0 long sword (offhand) {Yamquzzuhalamma}
Missiles
 d - 3 throwing nets
Armour
 b - a +0 leather armour
 c - a +0 helmet (worn)
 x - a +0 ring mail (worn)
 z - a +0 pair of boots (worn)
Wands
 A - a wand of warping (6)
 B - a wand of flame (20)
Scrolls
 g - a scroll of poison
 h - 2 scrolls of acquirement {unknown}
 m - a scroll of silence
 p - 5 scrolls of teleportation {unknown}
 q - 3 scrolls of revelation {unknown}
 u - a scroll of fog
 w - a scroll of noise
Potions
 f - a potion of magic {unknown}
 k - a potion of lignification {unknown}
 l - a potion of attraction {unknown}
 n - a potion of haste {unknown}
 o - a potion of mutation {unknown}
 t - 2 potions of enlightenment {unknown}
 v - 2 potions of curing {unknown}


   Skills:
 - Level 3.0 Fighting
 + Level 8.4 Long Blades
 - Level 1.7 Throwing
 - Level 2.6 Dodging


You had 6 spell levels left.
You didn't know any spells.
Your spell library contained the following spells:

 Spells                   Type           Power      Damage    Failure   Level
 Apportation              Tloc           0%         N/A       65%         1
 Foxfire                  Conj/Fire      0%         2x1d4     65%         1
 Sting                    Conj/Alch      0%         1d3       65%         1
 Jinxbite                 Hex            0%         N/A       80%         2
 Mercury Vapours          Alch/Air       0%         N/A       80%         2
 Tukima's Dance           Hex            0%         N/A       95%         3
 Olgreb's Toxic Radiance  Alch           0%         N/A       100%        4
 Passage of Golubria      Tloc           0%         N/A       100%        4
 Alistair's Intoxication  Alch           0%         N/A       100%        5
 Yara's Violent Unravell  Hex/Alch       0%         3d3       100%        5
 Plasma Beam              Fire/Air       0%         2x1d10    100%        6
 Starburst                Conj/Fire      0%         6d3       100%        6


Dungeon Overview and Level Annotations

Branches:
Dungeon (5/15)             Temple (0/1) D:4

Altars:
Dithmenos
Qazlal
Zin

Shops:
D:5 *!**

Annotations:
D:4 1 runed translucent door, Krumphau's ghost, amateur DsMo


Innate Abilities, Weirdness & Mutations

You can wield a second weapon in your off-hand.
It takes a long time for you to wield or remove held weapons.
Your first few attacks do less damage.
You cannot equip rings or amulets.


Message History

It is a scroll of identify.
m - a scroll of silence
As you read the scroll of identify, it crumbles to dust.
g - a scroll of poison
Okay, then.
Unknown command.
As you read the scroll of identify, it crumbles to dust.
u - a scroll of fog
As you read the scroll of identify, it crumbles to dust.
w - a scroll of noise
As you read the scroll of identify, it crumbles to dust.
s - 2 scrolls of amnesia
Okay, then.
You drop 2 scrolls of amnesia.
Found 7 stones.
There is an entrance to Zumihuyd's Assorted Antiques here.
An ogre comes into view. It is wielding a +0 giant club.
The ogre shouts!
Throw: javelin
Press: ? - help, Q - select action, (/) - cycle Shift-Dir - straight line, f - ogre
Aim: an ogre, wielding a +0 giant club (73% to hit)
You throw a javelin. The javelin barely misses the ogre.
A scorpion comes into view.
You barely miss the ogre with your +0 long sword.
You hit the ogre with your +0 long sword.
The ogre hits you with a +0 giant club!
You barely miss the ogre with your +0 long sword.
The ogre is lightly wounded.
You barely miss the ogre with your +0 long sword.
You barely miss the ogre with your +0 long sword.
The ogre is lightly wounded.
You barely miss the ogre with your +0 long sword.
The ogre hits you with a +0 giant club!!
The scorpion barely misses you.
Okay, then.
You feel very mighty all of a sudden. The scorpion stings you.
* * * LOW HITPOINT WARNING * * *
The ogre hits you with a +0 giant club!
You die...

#..## #...# ..#.......
....###...###..#........
......#.................
..###....♣.♣.♣.♣........
.## #.....∩?..∩.........
## #....♣.♣.♣.♣........
# #........⌠..........
####.....♣.♣.♣.♣...###
......$...∩...∩s@O.#
...###...♣.♣.♣.♣....('..
#### #..............####
# #.................
###......##.##...
##.....# .ß .. ####.
....... ... . .....#
....... .ß#. ......


You could see an ogre and a scorpion.

Vanquished Creatures
  An ice beast (D:4)
  An ogre (D:5)
  A phantom (D:5)
  A bombardier beetle (D:3)
  2 hounds
  A sleepcap (D:4)
  Terence (D:3)
  2 orc wizards (D:4)
  2 iguanas (D:4)
  3 gnolls (D:4)
  6 adders
  A white imp (D:5)
  6 dart slugs
  7 orcs (D:4)
  4 ball pythons
  6 bats
  6 endoplasms
  5 giant cockroaches
  10 goblins
  8 hobgoblins
  8 jackals
  8 kobolds
  7 quokkas
  4 frilled lizards
  11 rats
112 creatures vanquished.

Notes
Turn   | Place    | Note
-------+----------+-------------------------------------------
     0 | D:1      | Heh the Coglin Gladiator began the quest for the Orb.
     0 | D:1      | Reached XP level 1. HP: 16/16 MP: 1/1
   149 | D:1      | Reached XP level 2. HP: 20/22 MP: 2/2
   444 | D:1      | Reached XP level 3. HP: 28/28 MP: 3/3
   889 | D:2      | Reached skill level 4 in Long Blades
   917 | D:2      | Reached XP level 4. HP: 29/35 MP: 4/4
  1410 | D:3      | Noticed Terence
  1419 | D:3      | Killed Terence
  1420 | D:3      | Reached skill level 5 in Long Blades
  1420 | D:3      | Reached XP level 5. HP: 14/41 MP: 5/5
  2154 | D:3      | Reached skill level 6 in Long Blades
  2303 | D:4      | Reached XP level 6. HP: 38/47 MP: 6/6
  2759 | D:4      | Reached skill level 7 in Long Blades
  2761 | D:4      | Found a staircase to the Ecumenical Temple.
  2805 | D:4      | Noticed an ice beast
  2819 | D:4      | Killed an ice beast
  2820 | D:4      | Reached XP level 7. HP: 12/52 MP: 7/7
  2984 | D:4      | Found a glowing silver altar of Zin.
  2988 | D:4      | Found a shadowy altar of Dithmenos.
  3073 | D:4      | Found a runed translucent door.
  3077 | D:4      | Noticed Krumphau's ghost (amateur DsMo)
  3523 | D:5      | Entered Level 5 of the Dungeon
  3597 | D:5      | Reached skill level 8 in Long Blades
  3642 | D:5      | Found a stormy altar of Qazlal.
  3813 | D:5      | Found Huotas's Assorted Antiques.
  3817 | D:5      | Found Zumihuyd's Assorted Antiques.
  3817 | D:5      | Found Oblasat's Distillery.
  3817 | D:5      | Found Julyclurev's Assorted Antiques.
  3840 | D:5      | Slain by an ogre

Illustrated notes

Levels and vault maps discovered:
D:1:      scummos_arrival_hexagon, layout_basic, dreamdust_mushroom_princess,
          minmay_pentomino_q2
D:2:      layout_rooms, hangedman_decor_push
D:3:      layout_basic, uniq_terence
D:4:      layout_basic, grunt_temple_overflow_open,
          minmay_temple_entry_overgrown, ebering_ghost_reflecting_pool,
          minivault_4, kennysheep_generic_room_10
D:5:      layout_layer_cave, grunt_qazlal_clouds,
          nicolae_hepliaklqana_monster_ancestors, lemuel_crystal_altar,
          serial_shops, nicolae_shop_hallway_stairs, small_statue_intersection,
          minmay_shop_grid_forest

Skill      XL: |  1  2  3  4  5  6  7 |
---------------+----------------------+-----
Fighting       | 3 |  3.0
Long Blades    | 4 5 6 7 8 |  8.4
Throwing       | |  1.7
Dodging        | |  2.6

Action                     |  1- 3 |  4- 6 |  7- 9 || total
---------------------------+-------+-------+-------++-------
  Melee: Long sword        |    59 |   150 |    29 ||   238
         Dagger            |    58 |   131 |       ||   189
         Trident           |       |    18 |    25 ||    43
  Throw: Javelin           |       |       |     2 ||     2
  Evoke: Wand              |       |       |     1 ||     1
    Use: Potion            |       |     2 |     1 ||     3
         Scroll            |       |       |     5 ||     5
   Stab: Sleeping          |       |     1 |       ||     1
 Armour: Leather armour    |    30 |    73 |       ||   103
         Ring mail         |       |    11 |    16 ||    27
  Dodge: Dodged            |    31 |    69 |    10 ||   110

Table legend: (Time is in decaauts)
 A = Elapsed time spent in this place.
 B = Non-inter-level travel time spent in this place.
 C = Inter-level travel time spent in this place.
 D = Time resting spent in this place.
 E = Time spent auto-exploring this place.
 F = Levels seen in this place.
 G = Mean time per level.
                   A        B        C        D        E       F      G
               +--------+--------+--------+--------+--------+-----+--------+
         Total |   3849 |   3733 |    116 |      0 |   3082 |   5 |  769.8 |
       Dungeon |   3849 |   3733 |    116 |      0 |   3082 |   5 |  769.8 |
               +--------+--------+--------+--------+--------+-----+--------+

Top non-repeatable levels by time:
     D:4: 1234 daAuts
     D:3: 946 daAuts
     D:1: 830 daAuts
     D:2: 517 daAuts
     D:5: 321 daAuts
